Map: Schreine von Lizul

Players

Ketamin

  • Race: Protoss Protoss
  • League: Platinum
  • Spawn Location: 6:00

treg

  • Race: Zerg Zerg
  • League: Diamond
  • Spawn Location: 9:00

RiseAgainst - Winner!

  • Race: Terran Terran
  • League: Diamond
  • Spawn Location: 12:00

Panda - Winner!

  • Race: Zerg Zerg
  • League: Platinum
  • Spawn Location: 3:00

VOD

Have the link to the VOD?

Description

Time

  • Played on: Aug. 31, 2017, 12:56 p.m.
  • Length: 4:37
Show
View Real Time Build Order
Export as new Build Order

Ketamin Protoss 

Build Orders: 1 Gate Expand 

Get SALT Encoding   

  12  0:01  Probe (Chrono Boost)  
  13  0:12  Probe (Chrono Boost)  
  14  0:19  Pylon  
  14  0:22  Probe (Chrono Boost)  
  15  0:37  Probe (Chrono Boost)  
  15  0:39  Gateway  
  16  0:45  Assimilator  
  16  0:48  Probe (Chrono Boost)  
  17  0:59  Probe (Chrono Boost)  
  18  1:23  Nexus  
  18  1:33  Cybernetics Core  
  18  1:36  Probe (Chrono Boost)  
  19  1:40  Assimilator  
  19  1:46  Probe (Chrono Boost)  
  20  1:57  Probe (Chrono Boost)  
  21  2:07  Probe (Chrono Boost), Pylon  
  22  2:14  Warp Gate  
  22  2:25  Robotics Facility, Stalker  
  22  2:29  Probe (Chrono Boost)  
  25  2:35  Probe (Chrono Boost)  
  26  2:40  Mothership Core (Chrono Boost)  
  28  2:50  Gateway  
  28  2:53  Probe (Chrono Boost)  
  29  3:01  Stalker  
  31  3:15  Immortal (Chrono Boost)  
  33  3:47  Stalker x2  
  37  3:55  Immortal (Chrono Boost)  
  39  4:01  Probe  
  40  4:11  Probe  
Show
View Real Time Build Order
Export as new Build Order

treg Zerg 

Build Orders: Hatch First 

Get SALT Encoding   

  12  0:01  Drone  
  13  0:13  Overlord  
  13  0:17  Drone  
  14  0:31  Drone x2  
  16  0:35  Drone  
  17  0:56  Hatchery  
  16  0:57  Drone  
  16  1:00  Drone  
  18  1:22  Extractor  
  18  1:25  Spawning Pool  
  16  1:26  Drone x2  
  16  1:29  Drone  
  19  1:40  Overlord  
  19  2:12  Zergling x4  
  19  2:13  Zergling x4  
  19  2:15  Queen  
  25  2:16  Queen  
  25  2:22  Metabolic Boost  
  25  2:33  Spore Crawler  
  24  2:43  Roach Warren  
  24  2:44  Drone x5  
  28  2:56  Zergling x6  
  29  3:09  Queen  
  30  3:14  Zergling x4  
  31  3:24  Drone x2  
  33  3:32  Roach x2  
  30  3:43  Roach x2  
  26  3:50  Spine Crawler  
  24  3:59  Zergling x4  
Show
View Real Time Build Order
Export as new Build Order

RiseAgainst Terran - Winner!

Build Orders:  

Get SALT Encoding   

  12  0:00  SCV  
  13  0:12  SCV  
  14  0:17  Supply Depot  
  14  0:24  SCV  
  15  0:29  Refinery  
  15  0:39  SCV  
  16  0:45  Barracks  
  16  0:53  SCV  
  17  1:03  Barracks  
  17  1:08  SCV  
  18  1:24  Barracks  
  18  1:25  SCV  
  19  1:32  Reaper  
  20  1:42  Orbital Command  
  20  1:50  Reaper  
  21  2:01  Refinery  
  21  2:02  Supply Depot  
  21  2:04  Reaper  
  23  2:14  Reaper  
  23  2:23  SCV  
  23  2:26  Reaper  
  25  2:38  Reaper  
  25  2:39  SCV  
  25  2:43  Supply Depot  
  27  2:50  Reaper  
  28  3:00  SCV  
  28  3:16  Reaper  
  29  3:25  Reaper  
  30  3:35  Reaper  
  30  3:37  Command Center  
  31  3:51  Reaper  
  32  4:05  Reaper  
  34  4:12  SCV  
  34  4:15  Barracks  
  35  4:17  Barracks  
  35  4:18  Factory  
Show
View Real Time Build Order
Export as new Build Order

Panda Zerg - Winner!

Build Orders: Pool First 

Get SALT Encoding   

  12  0:01  Drone  
  13  0:08  Drone  
  14  0:24  Overlord  
  14  0:36  Extractor  
  14  0:39  Drone  
  14  0:52  Drone x3  
  17  1:03  Spawning Pool  
  16  1:05  Drone  
  17  1:24  Drone  
  18  1:25  Hatchery  
  17  1:38  Drone x2  
  19  1:47  Drone  
  19  1:50  Queen  
  22  2:00  Roach Warren  
  21  2:07  Overlord  
  21  2:14  Overlord  
  21  2:21  Drone  
  22  2:41  Roach x3  
  28  2:48  Metabolic Boost  
  28  2:53  Roach x2  
  32  3:06  Ravager  
  33  3:13  Overlord  
  33  3:15  Zergling x6  
  33  3:16  Zergling x2  
  37  3:26  Zergling x4  
  39  3:51  Zergling x8  
  39  3:52  Zergling x2  
  44  3:59  Zergling x4  
Tags
 
Add a new tag
Caveats
  • Supply blocks, unpowered buildings, or Contaminate may cause inaccurate times.
  • Supply counts are checked every 10 seconds.